 Dungeon Crawl Stone Soup version 0.19.5 (webtiles) character file.

27316 Ponchio the Destroyer (level 13, 0/63 HPs)
             Began as a Deep Elf Conjurer on Mar 2, 2017.
             Was an Elder of Vehumet.
             Slain by a spiny frog (20 damage)
             ... on level 5 of the Lair of Beasts on Mar 3, 2017.
             The game lasted 02:14:45 (17451 turns).

Ponchio the Destroyer (Deep Elf Conjurer)          Turns: 17451, Time: 02:14:45

Health: 0/63       AC:  6    Str:  5    XL:     13   Next: 3%
Magic:  49/49      EV: 19    Int: 26    God:    Vehumet [****..]
Gold:   72         SH:  6    Dex: 15    Spells: 5 memorised, 19 levels left

rFire  . . .     SeeInvis .     B - +4 falchion of Lywkoaran {vamp, *Slow rC++}
rCold  + + .     Gourm    .     z - +0 robe {MR+}
rNeg   . . .     Faith    .     (no shield)
rPois  .         Spirit   .     (no helmet)
rElec  .         Reflect  +     G - +0 cloak
rCorr  .         Harm     .     l - +2 pair of gloves
MR     ++...                    (no boots)
Stlth  ++........               r - +6 amulet of reflection
                                F - ring of magical power
                                i - ring of magical power

@: lethally poisoned (0 -> -18)
A: blurry vision 1, wild magic 1
a: Renounce Religion


You were on level 5 of the Lair of Beasts.
You worshipped Vehumet.
Vehumet was greatly pleased with you.
You were not hungry.

You visited 3 branches of the dungeon, and saw 14 of its levels.
You also visited: Ossuary.

You collected 772 gold pieces.
You spent 700 gold pieces at shops.

Inventory:

Hand Weapons
 v - a +0 dagger of electrocution
 B - the +4 falchion of Lywkoaran (weapon) {vamp, *Slow rC++}
   (You found it on level 1 of the Lair of Beasts)

   It inflicts no extra harm, but heals its wielder when it wounds a living foe.
   It greatly protects you from cold.
   It may slow you when you take damage.
Missiles
 k - 4 steel tomahawks (quivered)
Armour
 l - a +2 pair of gloves (worn)
 z - a +0 robe of magic resistance (worn)
 G - a +0 cloak (worn)
 H - the +0 buckler of the Harvest {rCorr Str+7 Dex-3}
   (You found it on level 3 of the Lair of Beasts)

   It affects your strength (+7).
   It affects your dexterity (-3).
   It protects you from acid and corrosion.
Magical Staves
 y - an uncursed staff of poison
Jewellery
 i - a ring of magical power (left hand)
 r - a +6 amulet of reflection (around neck)
 t - an uncursed ring of fire
 E - an uncursed ring of poison resistance
 F - a ring of magical power (right hand)
 L - a +2 ring of intelligence
Wands
 g - a wand of iceblast (9/15)
 n - a wand of polymorph (12/24)
 q - a wand of lightning (11/15)
 u - a wand of enslavement (14/24)
 w - a wand of disintegration (12/24)
 C - a wand of flame (21/48)
 D - a wand of enslavement (12/24)
 I - a wand of acid (7/15)
 J - a wand of slowing (20/48)
 K - a wand of flame (18/48)
Scrolls
 a - a scroll of fear
 h - 8 scrolls of remove curse
 j - 4 scrolls of identify
 o - 2 scrolls of fog
 p - 3 scrolls of enchant weapon
 s - 2 scrolls of teleportation
 A - a scroll of enchant armour
Potions
 d - a potion of flight
 e - 2 potions of agility
 N - 2 potions of berserk rage
 P - a potion of heal wounds
Books
 b - a book of Conjurations

   Spells                             Type                      Level
   a - Magic Dart                     Conjuration                  1
   b - Searing Ray                    Conjuration                  2
   c - Dazzling Spray                 Conjuration/Hexes            3
   d - Fulminant Prism                Conjuration/Hexes            4
   e - Iskenderun's Mystic Blast      Conjuration                  4
   f - Iskenderun's Battlesphere      Conjuration/Charms           5
 m - a Young Poisoner's Handbook

   Spells                             Type                      Level
   a - Sting                          Conjuration/Poison           1
   b - Mephitic Cloud                 Conjuration/Poison/Air       3
   c - Olgreb's Toxic Radiance        Poison                       4
   d - Alistair's Intoxication        Transmutation/Poison         5
   e - Venom Bolt                     Conjuration/Poison           5
 M - a book of Flames

   Spells                             Type                      Level
   a - Flame Tongue                   Conjuration/Fire             1
   b - Throw Flame                    Conjuration/Fire             2
   c - Conjure Flame                  Conjuration/Fire             3
   d - Inner Flame                    Hexes/Fire                   3
   e - Sticky Flame                   Conjuration/Fire             4
   f - Fireball                       Conjuration/Fire             5
Comestibles
 c - 13 bread rations
 f - 5 meat rations


   Skills:
 - Level 10.5 Dodging
 - Level 2.4 Stealth
 - Level 12.2 Spellcasting
 - Level 13.4 Conjurations
 - Level 4.0 Hexes
 - Level 11.0 Charms
 + Level 6.4 Fire Magic
 - Level 6.4 Air Magic
 - Level 7.2 Poison Magic


You had 19 spell levels left.
You knew the following spells:

 Your Spells              Type           Power        Failure   Level  Hunger
a - Magic Dart            Conj           ####         1%          1    None
b - Dazzling Spray        Conj/Hex       ######       1%          3    None
c - Iskenderun's Battles  Conj/Chrm      #######.     1%          5    ###....
d - Mephitic Cloud        Conj/Pois/Air  ######..     1%          3    None
e - Fireball              Conj/Fire      ######....   1%          5    ###....


Dungeon Overview and Level Annotations

Branches:
Dungeon (8/15)             Temple (0/1) D:7            Lair (5/6) D:8
  Swamp (0/4) Lair:3        Snake (1/4) Lair:3
  Slime: Lair:5-6

Altars:
Ashenzari
Fedhas
Okawaru
Qazlal
Sif Muna
Trog
Vehumet

Shops:
D:4 }   D:6 :=**

Annotations:
D:3 sinus's ghost, amateur SpEn
Lair:5 Nessos


Innate Abilities, Weirdness & Mutations

Scrolls take you a little longer to read.
Your spells are a little harder to cast, but a little more powerful.


Message History

There is a stone staircase leading down here.
Eating one of 5 chunks of flesh.
You start eating one of the 5 chunks of flesh.
This raw flesh tastes terrible.
There is a stone staircase leading down, spattered with blood here.
You start resting.
All of the chunks of flesh in your inventory have rotted away.
Magic restored.
You climb downwards.
Level annotation: Nessos The blink frog croaks.
The spiny frog gives a loud, deep croak!
The blink frog hits you. You block the blink frog's attack.
The spiny frog stings you!!
You are poisoned.
The spiny frog poisons you!
The blink frog blinks!
There is a stone staircase leading up, spattered with blood here.
You feel magically purged.
You feel sick. The blink frog hits you!
The blink frog blinks!
The spiny frog stings you!!
You die...

. .. .....##.
.8....# ....F##
# .....##
###.#..8..##
...........#
...........#...
..8..8F@§8.'..>
.......§.......
............#.8
###F#..8..### #
.......
.....##..
.8...## ...
.....# ....


You could see a spiny frog and 2 blink frogs.

Vanquished Creatures
  Snorg (Lair:5)
  2 hydras
  A catoblepas (Lair:4)
  A death yak (Lair:4)
  Nergalle (Lair:1)
  The ghost of Toogi the Thaumaturge, a novice DEFE of Vehumet (D:8)
  5 mana vipers
  A salamander (Snake:1)
  7 elephants
  3 black mambas
  7 spiny frogs
  4 komodo dragons
  2 rime drakes (Lair:4)
  A two-headed ogre (D:8)
  2 hippogriffs
  17 blink frogs
  A spriggan (D:7)
  A wyvern (D:8)
  12 yaks
  2 basilisks (Lair:1)
  Eustachio (D:6)
  A steam dragon (Lair:4)
  5 swamp worms (Lair:3)
  9 water moccasins
  5 porcupines
  2 ice beasts (D:6)
  A sky beast (D:8)
  2 orc warriors
  A necrophage (D:6)
  5 ogres
  3 phantoms (D:8)
  9 wolves
  2 centaurs
  7 crocodiles
  A big kobold (D:8)
  Blork the orc (D:4)
  A gnoll sergeant (D:6)
  11 bullfrogs
  3 scorpions
  A water moccasin skeleton (D:7)
  5 wights (D:6)
  6 howler monkeys
  A crimson imp (D:7)
  A bullfrog zombie (D:8)
  A centaur zombie (D:8)
  4 hounds
  8 jellies
  4 orc priests
  A centaur skeleton (D:7)
  An iguana (D:8)
  7 worker ants
  4 orc wizards
  4 hell rats (Lair:4)
  A hound zombie (D:7)
  A hound skeleton (D:7)
  17 gnolls
  12 adders
  2 shadow imps
  3 oozes
  2 adder skeletons (D:4)
  2 worms (D:2)
  A dart slug (D:2)
  3 leopard geckos
  20 orcs
  5 bats
  6 giant cockroaches
  8 goblins
  6 hobgoblins
  11 jackals
  6 quokkas
  5 frilled lizards
  2 jackal skeletons
  9 kobolds
  3 quokka skeletons (D:4)
  6 rats
  A fungus (Lair:4)
322 creatures vanquished.

Vanquished Creatures (others)
  2 fungi
  2 plants
4 creatures vanquished.

Grand Total: 326 creatures vanquished

Notes
Turn   | Place    | Note
-------+----------+-------------------------------------------
     0 | D:1      | Ponchio the Deep Elf Conjurer began the quest for the Orb.
     0 | D:1      | Reached XP level 1. HP: 10/10 MP: 6/6
   381 | D:1      | Reached XP level 2. HP: 15/15 MP: 3/8
  1048 | D:2      | Reached XP level 3. HP: 19/19 MP: 4/10
  1140 | D:2      | Found a shattered altar of Ashenzari.
  1234 | D:2      | Reached skill level 5 in Conjurations
  1835 | D:3      | Learned a level 3 spell: Dazzling Spray
  1845 | D:3      | Reached skill level 1 in Hexes
  1892 | D:3      | Reached XP level 4. HP: 11/24 MP: 6/12
  2279 | D:3      | Noticed sinus's ghost (amateur SpEn)
  2417 | D:3      | Reached XP level 5. HP: 28/28 MP: 8/13
  2459 | D:3      | Learned a level 5 spell: Iskenderun's Battlesphere
  2478 | D:3      | Reached skill level 1 in Charms
  3544 | D:4      | Noticed Blork the orc
  3553 | D:4      | Killed Blork the orc
  3553 | D:4      | Reached XP level 6. HP: 22/32 MP: 0/14
  3616 | D:3      | HP: 1/32 [hound (3)]
  3633 | D:3      | You fall through a shaft for 3 floors!
  3633 | D:6      | Noticed an ice beast
  3900 | D:6      | Reached skill level 5 in Charms
  4048 | D:6      | Found an iron altar of Okawaru.
  4155 | D:6      | Found a sand-covered staircase.
  4162 | Ossuary  | Entered an ossuary
  4167 | Ossuary  | Noticed Eitelfritz's ghost (amateur SpEn)
  4462 | D:5      | Entered Level 5 of the Dungeon
  4618 | D:4      | Reached skill level 5 in Spellcasting
  5093 | D:4      | Found Birifoq's Gadget Boutique.
  5111 | D:4      | Reached XP level 7. HP: 36/36 MP: 7/17
  5378 | D:4      | Found a radiant altar of Vehumet.
  5394 | D:4      | Became a worshipper of Vehumet
  5628 | D:5      | Reached skill level 6 in Conjurations
  5956 | D:5      | Found an iron altar of Okawaru.
  6475 | D:5      | Found a stormy altar of Qazlal.
  7077 | D:6      | Noticed Eustachio
  7096 | D:6      | Killed Eustachio
  7096 | D:6      | Reached skill level 7 in Conjurations
  7096 | D:6      | Reached XP level 8. HP: 41/41 MP: 9/20
  7221 | D:6      | Reached * piety under Vehumet
  7221 | D:6      | Offered knowledge of Sandblast by Vehumet.
  7465 | D:6      | Reached skill level 8 in Conjurations
  7720 | D:6      | Found Gubu's Jewellery Shop.
  7720 | D:6      | Found Pareal's Book Shop.
  7728 | D:6      | Found Voimaff's General Store.
  7734 | D:6      | Found Zeqyud's Assorted Antiques.
  7872 | D:6      | Bought an uncursed ring of magical power for 280 gold pieces
  8561 | D:7      | Offered knowledge of Throw Frost by Vehumet.
  8570 | D:7      | Reached XP level 9. HP: 45/45 MP: 20/23
  8597 | D:7      | Reached ** piety under Vehumet
  8675 | D:7      | Found a staircase to the Ecumenical Temple.
  8679 | D:7      | Reached skill level 9 in Conjurations
  8812 | D:7      | Learned a level 3 spell: Mephitic Cloud
  8824 | D:7      | Found a bloodstained altar of Trog.
  8862 | D:7      | Reached skill level 1 in Air Magic
  8862 | D:7      | Reached skill level 1 in Poison Magic
  9819 | D:8      | Noticed Toogi's ghost (novice DEFE)
  9824 | D:8      | Killed Toogi's ghost
  9824 | D:8      | Reached skill level 5 in Dodging
  9828 | D:8      | Found a blossoming altar of Fedhas.
  9926 | D:8      | Reached XP level 10. HP: 50/50 MP: 22/25
 10028 | D:8      | Noticed an elephant
 10330 | D:8      | Offered knowledge of Ignite Poison by Vehumet.
 10408 | D:8      | Reached *** piety under Vehumet
 10452 | D:8      | Killed an elephant
 10567 | D:8      | Found a staircase to the Lair.
 10581 | D:8      | Gained mutation: Your spells are a little harder to cast, but a little more powerful. [mutagenic meat]
 10582 | D:8      | Gained mutation: Scrolls take you a little longer to read. [mutagenic meat]
 10711 | D:8      | Found a deep blue altar of Sif Muna.
 10852 | Lair:1   | Entered Level 1 of the Lair of Beasts
 10859 | Lair:1   | Noticed Nergalle
 10865 | Lair:1   | Killed Nergalle
 10865 | Lair:1   | Reached skill level 10 in Charms
 10997 | Lair:1   | Noticed a spiny frog
 11001 | Lair:1   | Killed a spiny frog
 11060 | Lair:1   | Reached skill level 10 in Spellcasting
 11065 | Lair:1   | Reached skill level 10 in Conjurations
 11166 | Lair:1   | Got a pitted falchion
 11171 | Lair:1   | Identified the +4 falchion of Lywkoaran {vamp, *Slow rC++} (You found it on level 1 of the Lair of Beasts)
 11597 | Lair:1   | Offered knowledge of Conjure Flame by Vehumet.
 11656 | Lair:1   | Reached XP level 11. HP: 54/54 MP: 22/27
 12083 | Lair:2   | Reached skill level 5 in Poison Magic
 12150 | Lair:2   | Reached skill level 5 in Air Magic
 12283 | Lair:2   | Reached **** piety under Vehumet
 12455 | Lair:2   | Offered knowledge of Yara's Violent Unravelling by Vehumet.
 12876 | Lair:3   | Noticed a five-headed hydra
 12977 | Lair:3   | Reached skill level 11 in Conjurations
 13002 | Lair:3   | Killed a five-headed hydra
 13164 | Lair:3   | Reached skill level 12 in Conjurations
 13266 | Lair:3   | Got a transparent buckler
 13272 | Lair:3   | Identified the cursed +0 buckler of the Harvest {rCorr Str+7 Dex-3} (You found it on level 3 of the Lair of Beasts)
 13446 | Lair:3   | Found a staircase to the Snake Pit.
 13510 | Lair:3   | Found a staircase to the Swamp.
 13878 | Lair:3   | Reached XP level 12. HP: 59/59 MP: 29/29
 14163 | Lair:4   | Noticed a four-headed hydra
 14187 | Lair:4   | Killed a four-headed hydra
 14355 | Snake:1  | Entered Level 1 of the Snake Pit
 14659 | Snake:1  | Reached skill level 13 in Conjurations
 15775 | D:6      | Bought a book of Flames for 420 gold pieces
 15781 | D:6      | Learned a level 5 spell: Fireball
 15916 | Lair:4   | Reached skill level 1 in Fire Magic
 16134 | Lair:4   | Noticed a catoblepas
 16137 | Lair:4   | Killed a catoblepas
 16489 | Lair:5   | Reached skill level 10 in Dodging
 16664 | Lair:5   | Noticed a death yak
 16665 | Lair:5   | Noticed a death yak
 16668 | Lair:5   | Noticed a death yak
 16669 | Lair:5   | Noticed Nessos
 16674 | Lair:4   | Killed a death yak
 16894 | Lair:5   | Noticed Snorg
 17095 | Lair:4   | Reached skill level 5 in Fire Magic
 17285 | Lair:5   | Killed Snorg
 17287 | Lair:5   | Reached XP level 13. HP: 63/63 MP: 26/31
 17451 | Lair:5   | Slain by a spiny frog

Skill      XL: |  1  2  3  4  5  6  7  8  9 10 11 12 |
---------------+-------------------------------------+-----
Spellcasting   | 4 5 7 8 9 10 11 12 | 12.2
Conjurations   | 5 7 8 9 10 12 13 | 13.4
Hexes          | 2 4 |  4.0
Charms         | 4 5 7 8 9 11 | 11.0
Air Magic      | 4 6 |  6.4
Poison Magic   | 4 7 |  7.2
Dodging        | 6 8 10 | 10.5
Fire Magic     | 6 |  6.4
Stealth        | |  2.4

Action                   |  1- 3 |  4- 6 |  7- 9 | 10-12 | 13-15 || total
-------------------------+-------+-------+-------+-------+-------++-------
Melee: Short sword       |    22 |    24 |    19 |       |       ||    65
 Cast: Magic Dart        |    91 |    97 |   159 |   182 |     2 ||   531
       Dazzling Spray    |       |    32 |    83 |   145 |       ||   260
       Iskenderun's Batt |       |       |    24 |    68 |     1 ||    93
       Mephitic Cloud    |       |       |     1 |    13 |       ||    14
       Fireball          |       |       |       |    19 |     4 ||    23
  Use: Potion            |       |     3 |       |     2 |     1 ||     6
       Scroll            |       |       |     9 |     9 |       ||    18
 Stab: Sleeping          |       |       |     2 |       |       ||     2
       Invisible         |       |       |       |     1 |       ||     1
  Eat: Chunk             |     3 |     8 |    15 |    29 |     1 ||    56
       Beef jerky        |       |     1 |       |     1 |       ||     2
       Pizza             |       |     1 |       |       |       ||     1
       Meat ration       |       |       |     1 |       |       ||     1
       Bread ration      |       |       |       |     2 |       ||     2
Armor: Robe              |    11 |    35 |    11 |     4 |       ||    61
Dodge: Dodged            |    31 |    65 |    42 |    40 |       ||   178
Block: Other             |       |       |     9 |     9 |     1 ||    19
       Rpst.: Falchion   |       |       |       |     5 |       ||     5
